[Event "Turkish Second League 2019"]
[Site "Konya"]
[Date "2019.07.23"]
[Round "3"]
[White "Ilkimen, Mehmet Emre"]
[Black "Demirbag, Alihan"]
[Result "0-1"]
[ECO "A45"]
[WhiteElo "1863"]
[BlackElo "2087"]
[Annotator "NA"]
[PlyCount "74"]
[EventDate "2019.07.22"]
[EventType "team-tourn"]
[EventCountry "TUR"]
[SourceTitle "playchess.com"]
[Source "ChessBase"]
[SourceQuality "1"]
[TimeControl "5400+30"]

1. d4 Nf6 2. Bg5 Ne4 3. Bf4 e6 4. f3 Bd6 5. Bxd6 Nxd6 6. e4 f5 7. e5 Nf7 8. f4 d6 9. Nf3 O-O 10. c4 c5 11. dxc5 Qa5+ 12. Nc3 dxe5 13. fxe5 Nc6 14. Qe2 Qxc5 15. O-O-O b6 16. Re1 Ba6 17. Qe3 Qe7 18. h4 Rac8 19. c5 Bxf1 20. Rhxf1 Qxc5 21. Qxc5 bxc5 22. Rd1 Rfd8 23. Rxd8+ Rxd8 24. Re1 Kf8 25. a3 Ke7 26. Kc2 Nd4+ 27. Nxd4 cxd4 28. Nb5 a6 29. Na7 Kd7 30. Rd1 Kc7 31. Kd3 Nxe5+ 32. Kd2 Kb7 33. Re1 Rd5 34. Rc1 Kxa7 35. Rc7+ Kb6 36. Rxg7 Rd7 37. Rg8 Nc4+ 0-1

[Event "Turkish Second League 2019"]
[Site "Konya"]
[Date "2019.07.23"]
[Round "3"]
[White "Kayan, Veli"]
[Black "Ciblakbas, Sertan"]
[Result "1-0"]
[ECO "D02"]
[WhiteElo "1863"]
[BlackElo "1729"]
[Annotator "NA"]
[PlyCount "123"]
[EventDate "2019.07.22"]
[EventType "team-tourn"]
[EventCountry "TUR"]
[SourceTitle "playchess.com"]
[Source "ChessBase"]
[SourceQuality "1"]
[TimeControl "5400+30"]

1. d4 Nf6 2. Nf3 d5 3. c3 e6 4. Bg5 Be7 5. Nbd2 Nbd7 6. Qc2 b6 7. e3 Bb7 8. a4 c5 9. h4 Rc8 10. g3 Qc7 11. a5 Bd6 12. axb6 axb6 13. Ra7 Ra8 14. Rxa8+ Bxa8 15. Bf4 Bc6 16. Bh3 h6 17. O-O O-O 18. Ra1 Ne4 19. Nxe4 dxe4 20. Bxd6 Qxd6 21. Nd2 cxd4 22. cxd4 f5 23. Bf1 Bd5 24. Bb5 Nf6 25. Ra7 Ra8 26. Rxa8+ Bxa8 27. Qc8+ Kh7 28. Qxa8 Qb4 29. Qc6 Qxd2 30. Qxe6 Qd1+ 31. Bf1 Qf3 32. Bh3 Ng4 33. Bxg4 Qxg4 34. Qb3 Qf3 35. Qc2 Kg6 36. Kf1 Qh1+ 37. Ke2 Qf3+ 38. Ke1 Qh1+ 39. Kd2 Qf1 40. Kc3 Qb5 41. b3 Qa5+ 42. Kb2 b5 43. Qc3 b4 44. Qc4 Kh5 45. d5 Kg4 46. Qe2+ Kh3 47. Qf1+ Kg4 48. Qd1+ Kh3 49. d6 Qd8 50. d7 Kg2 51. Qd2 Kf3 52. Kc2 g5 53. hxg5 hxg5 54. Kd1 Kg2 55. f4+ Kxg3 56. fxg5 Kf3 57. g6 f4 58. exf4 e3 59. Qd3 Qh8 60. Qf1+ Ke4 61. Qg2+ Kd4 62. Qb2+ 1-0

[Event "Turkish Second League 2019"]
[Site "Konya"]
[Date "2019.07.23"]
[Round "3"]
[White "Erdogan, Yunus Emre"]
[Black "Karaoglan, Doruk"]
[Result "0-1"]
[ECO "B51"]
[WhiteElo "1833"]
[BlackElo "2278"]
[Annotator "NA"]
[PlyCount "72"]
[EventDate "2019.07.22"]
[EventType "team-tourn"]
[EventCountry "TUR"]
[SourceTitle "playchess.com"]
[Source "ChessBase"]
[SourceQuality "1"]
[TimeControl "5400+30"]

1. e4 c5 2. Nf3 d6 3. Bb5+ Nd7 4. d4 Ngf6 5. Nc3 cxd4 6. Qxd4 e5 7. Qd3 h6 8. O-O a6 9. Bxd7+ Bxd7 10. h3 Be7 11. Re1 O-O 12. a4 Rc8 13. Be3 Be6 14. a5 Qd7 15. Bb6 Qc6 16. Rac1 Bd8 17. Bxd8 Rfxd8 18. Qd2 Qc7 19. Nd5 Bxd5 20. exd5 Qc4 21. Red1 Rc5 22. b3 Qxd5 23. Qe2 Qe6 24. b4 Rc4 25. c3 Rdc8 26. Qd2 Ne4 27. Qd5 Qxd5 28. Rxd5 Nxc3 29. Rxc3 Rxc3 30. Rxd6 f6 31. Rb6 R8c7 32. Nh4 R3c6 33. Nf5 Rxb6 34. axb6 Rc1+ 35. Kh2 Rb1 36. Nxh6+ gxh6 0-1

[Event "Turkish Second League 2019"]
[Site "Konya"]
[Date "2019.07.23"]
[Round "3"]
[White "Ozcan, Kadir Kutay"]
[Black "Ozenir, Ekin Baris"]
[Result "1/2-1/2"]
[ECO "B03"]
[WhiteElo "1832"]
[BlackElo "2235"]
[Annotator "NA"]
[PlyCount "102"]
[EventDate "2019.07.22"]
[EventType "team-tourn"]
[EventCountry "TUR"]
[SourceTitle "playchess.com"]
[Source "ChessBase"]
[SourceQuality "1"]
[TimeControl "5400+30"]

1. e4 Nf6 2. e5 Nd5 3. d4 d6 4. c4 Nb6 5. exd6 exd6 6. Nc3 Be7 7. h3 O-O 8. Nf3 Bf6 9. Be2 Re8 10. O-O Bf5 11. Bf4 Nc6 12. Rc1 h6 13. Qd2 Qd7 14. d5 Ne5 15. Nxe5 Bxe5 16. Bxe5 Rxe5 17. f4 Re7 18. g4 Be4 19. f5 Re5 20. Nxe4 Rxe4 21. Bd3 Re5 22. f6 Qd8 23. fxg7 Qg5 24. Rf4 Nd7 25. Qf2 Re7 26. Rf1 Ne5 27. Bf5 b6 28. h4 Qxg7 29. Kh1 Rae8 30. Rg1 Ng6 31. Bxg6 Qxg6 32. g5 h5 33. Rf6 Qe4+ 34. Rg2 Qe1+ 35. Kh2 Qxf2 36. Rgxf2 Re4 37. Rxf7 Rxh4+ 38. Kg3 Rxc4 39. Rd7 Re5 40. Rff7 Rxg5+ 41. Kf3 a5 42. Rfe7 Rf5+ 43. Kg3 Rg4+ 44. Kh3 Kf8 45. Rxc7 Rxd5 46. Rh7 Kg8 47. Rhd7 Rd3+ 48. Kh2 Rd2+ 49. Kh3 Rd3+ 50. Kh2 Rd2+ 51. Kh3 Rd3+ 1/2-1/2

[Event "Turkish Second League 2019"]
[Site "Konya"]
[Date "2019.07.23"]
[Round "3"]
[White "Kaygisiz, Ilayda"]
[Black "Kara, Gulce Nehir"]
[Result "1/2-1/2"]
[ECO "E03"]
[WhiteElo "1775"]
[BlackElo "1767"]
[Annotator "NA"]
[PlyCount "91"]
[EventDate "2019.07.22"]
[EventType "team-tourn"]
[EventCountry "TUR"]
[SourceTitle "playchess.com"]
[Source "ChessBase"]
[SourceQuality "1"]
[TimeControl "5400+30"]

1. d4 d5 2. c4 e6 3. Nf3 Nf6 4. g3 dxc4 5. Qa4+ Nbd7 6. Qxc4 a6 7. Bg2 b5 8. Qc2 Bb7 9. O-O c5 10. a4 Qb6 11. axb5 axb5 12. Rxa8+ Bxa8 13. Na3 Bc6 14. Bg5 c4 15. Ne5 Bxg2 16. Kxg2 Qxd4 17. Nxd7 Qxd7 18. Bxf6 gxf6 19. Qc3 Be7 20. Qa5 Qd5+ 21. f3 O-O 22. Qxb5 Qxb5 23. Nxb5 Rb8 24. Nd4 Rxb2 25. Rc1 Bc5 26. Rxc4 Bxd4 27. Rxd4 Rxe2+ 28. Kg1 f5 29. h4 e5 30. Rd8+ Kg7 31. Kf1 Ra2 32. Re8 f6 33. Re7+ Kg6 34. Re8 Ra4 35. Kf2 e4 36. fxe4 fxe4 37. Ke3 f5 38. Re6+ Kf7 39. Rh6 Kg7 40. Re6 Ra3+ 41. Kf2 Rf3+ 42. Kg2 Ra3 43. Kf2 Kf7 44. Rh6 Ra2+ 45. Kf1 Kg7 46. Re6 1/2-1/2

[Event "Turkish Second League 2019"]
[Site "Konya"]
[Date "2019.07.23"]
[Round "3"]
[White "Yildiz, Talat"]
[Black "Kartal, Koray"]
[Result "1-0"]
[ECO "C56"]
[WhiteElo "1772"]
[BlackElo "2002"]
[Annotator "NA"]
[PlyCount "48"]
[EventDate "2019.07.22"]
[EventType "team-tourn"]
[EventCountry "TUR"]
[SourceTitle "playchess.com"]
[Source "ChessBase"]
[SourceQuality "1"]
[TimeControl "5400+30"]

1. e4 e5 2. Nf3 Nc6 3. d4 exd4 4. Bc4 Nf6 5. O-O Nxe4 6. Re1 d5 7. Bxd5 Qxd5 8. Nc3 Qd8 9. Rxe4+ Be6 10. Nxd4 Nxd4 11. Rxd4 Qc8 12. Bg5 Be7 13. Bxe7 Kxe7 14. Qh5 c5 15. Qg5+ Kf8 16. Rd6 h6 17. Qe5 Kg8 18. Nd5 Kh7 19. Ne7 Qe8 20. Qe4+ g6 21. Nxg6 Bxa2 22. Ne5+ Kg7 23. Rxa2 Qe7 24. Rd7 Qd8 1-0

[Event "Turkish Second League 2019"]
[Site "Konya"]
[Date "2019.07.23"]
[Round "3"]
[White "Alaoglu, Niyazi Bekirhan"]
[Black "Yildirim, Okan"]
[Result "0-1"]
[ECO "D45"]
[WhiteElo "1769"]
[BlackElo "1657"]
[Annotator "NA"]
[PlyCount "134"]
[EventDate "2019.07.22"]
[EventType "team-tourn"]
[EventCountry "TUR"]
[SourceTitle "playchess.com"]
[Source "ChessBase"]
[SourceQuality "1"]
[TimeControl "5400+30"]

1. Nf3 d5 2. b3 Nf6 3. Bb2 e6 4. e3 Bd6 5. Be2 Nbd7 6. d4 Ne4 7. O-O O-O 8. c4 c6 9. Nc3 f5 10. Ne5 Nxe5 11. Nxe4 Nxc4 12. bxc4 fxe4 13. c5 Bc7 14. f4 exf3 15. Rxf3 Rxf3 16. Bxf3 Qg5 17. Bc1 Qf6 18. e4 dxe4 19. Bxe4 Bxh2+ 20. Kxh2 Qh4+ 21. Kg1 Qxe4 22. Bb2 Qe3+ 23. Kh1 Bd7 24. Qb3 Qxb3 25. axb3 a6 26. Rf1 Rf8 27. Kg1 Rxf1+ 28. Kxf1 g5 29. Bc1 h6 30. Kf2 Kf7 31. Kf3 Be8 32. g4 Ke7 33. Bd2 Bg6 34. Ba5 Bc2 35. b4 Bd1+ 36. Kg3 Kd7 37. Bb6 Bb3 38. Ba7 Ke7 39. Bb8 Kf7 40. Bc7 Kg6 41. Bd6 Bd1 42. Be7 h5 43. gxh5+ Bxh5 44. Kf2 Kf5 45. Ke3 Bd1 46. Bd8 Bb3 47. Bc7 Bd5 48. Bd6 Kg4 49. Kf2 Kh3 50. Be5 g4 51. Bg3 Ba2 52. Bd6 Kh4 53. Be7+ Kh5 54. Ke3 Bd5 55. Kf4 Bf3 56. Bd8 Kg6 57. Bh4 Bd1 58. Ke5 Bb3 59. Kd6 Kf5 60. Kc7 Bc4 61. Kxb7 Bb5 62. Kc7 Ke4 63. Bf2 e5 64. d5 Kxd5 65. Be1 e4 66. Kd7 e3 67. Ke7 Ke5 0-1

[Event "Turkish Second League 2019"]
[Site "Konya"]
[Date "2019.07.23"]
[Round "3"]
[White "Demirci, Fatih"]
[Black "Ozsakallioglu, Akin"]
[Result "0-1"]
[ECO "B52"]
[WhiteElo "1763"]
[BlackElo "1901"]
[Annotator "NA"]
[PlyCount "108"]
[EventDate "2019.07.22"]
[EventType "team-tourn"]
[EventCountry "TUR"]
[SourceTitle "playchess.com"]
[Source "ChessBase"]
[SourceQuality "1"]
[TimeControl "5400+30"]

1. e4 c5 2. Nf3 d6 3. Bb5+ Bd7 4. Bxd7+ Qxd7 5. O-O Nc6 6. c3 g6 7. d4 cxd4 8. cxd4 Nf6 9. Nc3 Bg7 10. Bg5 h6 11. Bh4 Nh5 12. Bg3 Nxg3 13. hxg3 O-O 14. Re1 Rfd8 15. Qd2 Rac8 16. Rac1 Kh7 17. Ne2 e5 18. d5 Nb8 19. Rxc8 Rxc8 20. Rc1 Rxc1+ 21. Qxc1 Na6 22. Qc4 Bf6 23. Nc3 Bd8 24. Qb5 Qe7 25. Na4 Kg7 26. Nd2 Kf8 27. Nc4 Qc7 28. Nc3 Nc5 29. Ne3 a6 30. Qe2 b5 31. a3 Nb3 32. Nc2 Nd4 33. Qd2 Nxc2 34. Qxc2 Qc5 35. Qe2 h5 36. Kh2 Bb6 37. Nd1 Qc1 38. a4 Bd4 39. axb5 axb5 40. b3 Qb1 41. Qf3 Kg7 42. Ne3 Qc1 43. Qe2 Qc5 44. Nc2 b4 45. Nxd4 exd4 46. Qa6 Qc7 47. f4 Qc5 48. Kh1 Qc3 49. Qxd6 d3 50. e5 d2 51. Qf6+ Kg8 52. Qd8+ Kh7 53. e6 d1=Q+ 54. Kh2 fxe6 0-1

[Event "Turkish Second League 2019"]
[Site "Konya"]
[Date "2019.07.23"]
[Round "3"]
[White "Zuberoglu, Ibrahim Berk"]
[Black "Can, Furkan"]
[Result "0-1"]
[ECO "A12"]
[WhiteElo "1737"]
[BlackElo "1900"]
[Annotator "NA"]
[PlyCount "60"]
[EventDate "2019.07.22"]
[EventType "team-tourn"]
[EventCountry "TUR"]
[SourceTitle "playchess.com"]
[Source "ChessBase"]
[SourceQuality "1"]
[TimeControl "5400+30"]

1. Nf3 Nf6 2. c4 c6 3. g3 d5 4. Bg2 Bf5 5. b3 Nbd7 6. Bb2 e6 7. O-O Bd6 8. d3 e5 9. e4 Be6 10. exd5 cxd5 11. cxd5 Bxd5 12. Re1 O-O 13. Nxe5 Bxe5 14. d4 Bc7 15. Bh3 Nb6 16. Nc3 Bc6 17. Qc2 Nbd5 18. Na4 Bb6 19. Nc5 Re8 20. Re5 Bxc5 21. dxc5 Rxe5 22. Bxe5 Nb4 23. Qc4 Qd5 24. Qxd5 Nbxd5 25. Rd1 Re8 26. f4 Ne3 27. Rd3 Neg4 28. Bc3 h5 29. Bf1 Ne4 30. Ba5 Nxc5 0-1

[Event "Turkish Second League 2019"]
[Site "Konya"]
[Date "2019.07.23"]
[Round "3"]
[White "Guney, Gamze Nur"]
[Black "Tepeli, Sugra"]
[Result "1-0"]
[ECO "E97"]
[WhiteElo "1735"]
[BlackElo "1430"]
[Annotator "NA"]
[PlyCount "67"]
[EventDate "2019.07.22"]
[EventType "team-tourn"]
[EventCountry "TUR"]
[SourceTitle "playchess.com"]
[Source "ChessBase"]
[SourceQuality "1"]
[TimeControl "5400+30"]

1. d4 Nf6 2. c4 g6 3. Nc3 Bg7 4. e4 d6 5. Nf3 O-O 6. Be2 e5 7. Be3 Nc6 8. d5 Ne7 9. b4 Nd7 10. O-O f5 11. Ng5 Nf6 12. f3 f4 13. Bf2 h6 14. Ne6 Bxe6 15. dxe6 Nh7 16. c5 dxc5 17. Bxc5 Re8 18. Qb3 b6 19. Bxe7 Rxe7 20. Nd5 Ng5 21. Nxe7+ Qxe7 22. Rad1 Nxe6 23. Bc4 Re8 24. Bb5 Rf8 25. Rd7 Qf6 26. Rc1 Kh8 27. Rc6 Qh4 28. Rxe6 Bf6 29. Rc6 Qe1+ 30. Bf1 Bh4 31. Qd1 Qxb4 32. Rcxc7 Re8 33. Rh7+ Kg8 34. Qd5+ 1-0

[Event "Turkish Second League 2019"]
[Site "Konya"]
[Date "2019.07.23"]
[Round "3"]
[White "Goker, Abdulkadir"]
[Black "Celikel, Fatih"]
[Result "1-0"]
[ECO "B33"]
[WhiteElo "1707"]
[BlackElo "1868"]
[Annotator "NA"]
[PlyCount "97"]
[EventDate "2019.07.22"]
[EventType "team-tourn"]
[EventCountry "TUR"]
[SourceTitle "playchess.com"]
[Source "ChessBase"]
[SourceQuality "1"]
[TimeControl "5400+30"]

1. e4 c5 2. Nf3 Nc6 3. d4 cxd4 4. Nxd4 Nf6 5. Nc3 e5 6. Ndb5 d6 7. Nd5 Nxd5 8. exd5 Nb8 9. c4 a6 10. Nc3 Be7 11. Be2 O-O 12. O-O f5 13. f4 e4 14. Be3 Nd7 15. Rc1 Rf7 16. Qd2 h6 17. b4 g5 18. a3 Nf8 19. Bh5 Rg7 20. Na4 Bd7 21. Nb6 gxf4 22. Rxf4 Rb8 23. Nxd7 Qxd7 24. Rcf1 Rg5 25. Be2 Ng6 26. R4f2 Rf8 27. Kh1 Bd8 28. c5 Rf7 29. c6 Qc8 30. cxb7 Qxb7 31. Qd4 Bf6 32. Qc4 Ne7 33. Qxa6 Qd7 34. Bb5 Qd8 35. Bc6 Be5 36. Bxg5 hxg5 37. g3 Bd4 38. Rg2 Kh7 39. Qc4 Qb6 40. a4 Ng6 41. Be8 Ne5 42. Qe2 Rf6 43. Qh5+ Kg7 44. Qxg5+ Ng6 45. Rxf5 Qxb4 46. h4 Qe1+ 47. Kh2 Be5 48. Rxf6 Qxg3+ 49. Rxg3 1-0

[Event "Turkish Second League 2019"]
[Site "Konya"]
[Date "2019.07.23"]
[Round "3"]
[White "Mustu, Hatice Asli"]
[Black "Abdulla, Khayala"]
[Result "1/2-1/2"]
[ECO "D02"]
[WhiteElo "1679"]
[BlackElo "2283"]
[Annotator "NA"]
[PlyCount "120"]
[EventDate "2019.07.22"]
[EventType "team-tourn"]
[EventCountry "TUR"]
[SourceTitle "playchess.com"]
[Source "ChessBase"]
[SourceQuality "1"]
[TimeControl "5400+30"]

1. d4 Nf6 2. Bf4 e6 3. e3 d5 4. Nf3 c5 5. c3 Nc6 6. Nbd2 Bd6 7. Bg3 O-O 8. Bd3 b6 9. O-O Bb7 10. Qe2 Re8 11. Ne5 Qc7 12. Nxc6 Bxc6 13. Bxd6 Qxd6 14. Nf3 Nd7 15. e4 cxd4 16. e5 Qe7 17. cxd4 Rac8 18. Rac1 Nf8 19. Rc3 Ng6 20. g3 Qd7 21. Nd2 Ne7 22. f4 Ba4 23. Rfc1 Rxc3 24. Rxc3 Rc8 25. Nf3 Rxc3 26. bxc3 Qc6 27. Qb2 Bd1 28. Kf2 Bxf3 29. Kxf3 g6 30. Bb5 Qc7 31. Qb4 h5 32. Ke3 Nf5+ 33. Kd3 Qd8 34. Qb2 g5 35. Qe2 gxf4 36. Qxh5 fxg3 37. hxg3 a6 38. Ba4 Qc7 39. Bb3 b5 40. g4 Ng3 41. Qg5+ Kf8 42. Qh6+ Ke8 43. Qh8+ Kd7 44. Qf8 Kc6 45. Qc5+ Kb7 46. Qxc7+ Kxc7 47. Bd1 Ne4 48. Bf3 Ng5 49. Be2 Kb6 50. Kc2 Ka5 51. a3 Ne4 52. Kb2 Ng5 53. Kb3 Nh3 54. Kb2 Nf4 55. Bd1 Ng2 56. Kb3 Nf4 57. Kb2 Kb6 58. Kc2 Ng6 59. Kd2 Ne7 60. Ke3 Ng6 1/2-1/2

[Event "Turkish Second League 2019"]
[Site "Konya"]
[Date "2019.07.23"]
[Round "3"]
[White "Cetinkaya, Umut Can"]
[Black "Zor, Alber Kadir"]
[Result "1-0"]
[ECO "C47"]
[WhiteElo "1639"]
[BlackElo "2160"]
[Annotator "NA"]
[PlyCount "119"]
[EventDate "2019.07.22"]
[EventType "team-tourn"]
[EventCountry "TUR"]
[SourceTitle "playchess.com"]
[Source "ChessBase"]
[SourceQuality "1"]
[TimeControl "5400+30"]

1. e4 e5 2. Nc3 Nf6 3. g3 d5 4. exd5 Nxd5 5. Bg2 Nxc3 6. bxc3 Nc6 7. Nf3 Bc5 8. O-O O-O 9. Re1 Qf6 10. d3 Bb6 11. Qe2 Bg4 12. h3 Bh5 13. g4 Bg6 14. Bg5 Qd6 15. Nd2 Qd7 16. Nc4 Rae8 17. Nxb6 axb6 18. Rab1 f6 19. Bc1 Ra8 20. a3 Bf7 21. Be4 Bd5 22. Qf3 Bxe4 23. Rxe4 f5 24. gxf5 Rxf5 25. Qg3 Raf8 26. Be3 Rf3 27. Qg4 Qf7 28. Kh2 Rf6 29. Rg1 Rg6 30. Qh4 Ne7 31. Rxg6 Nxg6 32. Qg4 Qf6 33. Kg2 Qc6 34. c4 Rf6 35. Kh2 Kf7 36. h4 Qe6 37. Qxe6+ Rxe6 38. Kg3 Ne7 39. Kg4 g6 40. Bg5 Nf5 41. Bd8 h5+ 42. Kh3 Nd6 43. Re3 Ne8 44. Kg3 Rd6 45. Bg5 Re6 46. Bd8 c5 47. f4 exf4+ 48. Kxf4 Ng7 49. Bg5 Nf5 50. Rxe6 Kxe6 51. c3 Nd6 52. a4 Nf7 53. d4 Nd6 54. d5+ Kf7 55. Bd8 Nxc4 56. Kg5 Ne3 57. d6 Nc4 58. Bc7 Ne5 59. Bxb6 Nf3+ 60. Kf4 1-0

[Event "Turkish Second League 2019"]
[Site "Konya"]
[Date "2019.07.23"]
[Round "3"]
[White "Ugur, Cem"]
[Black "Dere, Abdullah Dogukan"]
[Result "0-1"]
[ECO "B27"]
[WhiteElo "1623"]
[BlackElo "1960"]
[Annotator "NA"]
[PlyCount "54"]
[EventDate "2019.07.22"]
[EventType "team-tourn"]
[EventCountry "TUR"]
[SourceTitle "playchess.com"]
[Source "ChessBase"]
[SourceQuality "1"]
[TimeControl "5400+30"]

1. e4 c5 2. Nf3 g6 3. d4 cxd4 4. Qxd4 Nf6 5. Nc3 Nc6 6. Qa4 d6 7. e5 dxe5 8. Nxe5 Qd4 9. Nc4 Bg7 10. Be3 Qd8 11. Ne5 Bd7 12. Nxd7 Qxd7 13. Rd1 Qc8 14. Be2 O-O 15. O-O a6 16. Bb6 Nd7 17. Nd5 e6 18. Ne7+ Nxe7 19. Qxd7 Nd5 20. Rxd5 exd5 21. Qxd5 Qxc2 22. Bc4 Rac8 23. b3 Kh8 24. Qxb7 Qxa2 25. Qd7 Qc2 26. Bxf7 Qc6 27. Be6 Qxb6 0-1

[Event "Turkish Second League 2019"]
[Site "Konya"]
[Date "2019.07.23"]
[Round "3"]
[White "Konal, Emine Nursel"]
[Black "Ibrahimova, Sabina"]
[Result "0-1"]
[ECO "B35"]
[WhiteElo "1306"]
[BlackElo "2190"]
[Annotator "NA"]
[PlyCount "56"]
[EventDate "2019.07.22"]
[EventType "team-tourn"]
[EventCountry "TUR"]
[SourceTitle "playchess.com"]
[Source "ChessBase"]
[SourceQuality "1"]
[TimeControl "5400+30"]

1. e4 c5 2. Nf3 Nc6 3. d4 cxd4 4. Nxd4 g6 5. Be3 Bg7 6. Bc4 Nf6 7. f3 O-O 8. Nc3 Qb6 9. Bb3 Nxe4 10. Nd5 Qa5+ 11. c3 Nf6 12. Nxc6 dxc6 13. Nxe7+ Kh8 14. Nxc8 Raxc8 15. O-O Rcd8 16. Qc2 Nd5 17. Bf2 h5 18. Rad1 Nf4 19. Rfe1 Bf6 20. Re4 Rxd1+ 21. Qxd1 Rd8 22. Qc1 g5 23. Qe3 Kg7 24. Re8 Qf5 25. Rxd8 Bxd8 26. Qe8 Qb1+ 27. Be1 Bb6+ 28. Kh1 Ne6 0-1

[Event "Turkish Second League 2019"]
[Site "Konya"]
[Date "2019.07.23"]
[Round "3"]
[White "Keskinler, Ela"]
[Black "Gunes, Deren"]
[Result "1/2-1/2"]
[ECO "E01"]
[WhiteElo "1221"]
[BlackElo "1266"]
[Annotator "NA"]
[PlyCount "61"]
[EventDate "2019.07.22"]
[EventType "team-tourn"]
[EventCountry "TUR"]
[SourceTitle "playchess.com"]
[Source "ChessBase"]
[SourceQuality "1"]
[TimeControl "5400+30"]

1. Nf3 d5 2. d4 Nf6 3. g3 c5 4. Bg2 Nc6 5. O-O e6 6. c4 Be7 7. e3 O-O 8. Qe2 cxd4 9. exd4 dxc4 10. Qxc4 Nd5 11. Nc3 Nb6 12. Qd3 Qd7 13. Rd1 Rd8 14. Be3 Bf6 15. Rac1 Nb4 16. Qe2 N6d5 17. a3 Nxc3 18. bxc3 Nd5 19. c4 Ne7 20. Ne5 Qe8 21. Rb1 Nc6 22. Nxc6 bxc6 23. d5 exd5 24. cxd5 Bf5 25. Rbc1 cxd5 26. Bxd5 Rac8 27. Qf3 Bg6 28. h4 Rxc1 29. Rxc1 Qe5 30. Bc6 a6 31. Qd1 1/2-1/2

[Event "Turkish Second League 2019"]
[Site "Konya"]
[Date "2019.07.24"]
[Round "4"]
[White "Baltag, Iulian"]
[Black "Yilmazyerli, Mert"]
[Result "1/2-1/2"]
[ECO "C40"]
[WhiteElo "2398"]
[BlackElo "2420"]
[Annotator "NA"]
[PlyCount "99"]
[EventDate "2019.07.22"]
[EventType "team-tourn"]
[EventCountry "TUR"]
[SourceTitle "playchess.com"]
[Source "ChessBase"]
[SourceQuality "1"]
[TimeControl "5400+30"]

1. e4 e5 2. Nf3 Qe7 3. Bc4 d6 4. O-O h6 5. d4 Nf6 6. Nc3 c6 7. a4 Bg4 8. d5 Qc7 9. Qd3 Nbd7 10. h3 Bh5 11. Nh4 c5 12. a5 a6 13. Ne2 Bxe2 14. Qxe2 g6 15. b3 Bg7 16. Bd2 O-O 17. Bd3 Qd8 18. g3 Nh5 19. Ng2 Qe8 20. Rae1 f5 21. Nh4 f4 22. Qg4 Kh7 23. Nxg6 Qxg6 24. Qxd7 fxg3 25. f4 Rf7 26. f5 Rxd7 27. fxg6+ Kxg6 28. Be2 Nf4 29. Bxf4 exf4 30. Rxf4 Bd4+ 31. Kg2 Bf2 32. Rd1 Kg7 33. Bg4 Rf7 34. Bf5 h5 35. Rh4 Rh8 36. Rd3 Kh6 37. Rf4 Kg5 38. Rdf3 Rhf8 39. h4+ Kh6 40. Rd3 Re7 41. Rff3 Re5 42. c4 Rf7 43. Be6 Rxf3 44. Kxf3 Rxe4 45. Kxe4 g2 46. Rd1 Kg6 47. Bc8 g1=Q 48. Rxg1+ Bxg1 49. Bxb7 Bf2 50. Bxa6 1/2-1/2

[Event "Turkish Second League 2019"]
[Site "Konya"]
[Date "2019.07.24"]
[Round "4"]
[White "Abdulla, Khayala"]
[Black "Abdimanoglu, Beste Basak"]
[Result "1-0"]
[ECO "B09"]
[WhiteElo "2283"]
[BlackElo "1898"]
[Annotator "NA"]
[PlyCount "73"]
[EventDate "2019.07.22"]
[EventType "team-tourn"]
[EventCountry "TUR"]
[SourceTitle "playchess.com"]
[Source "ChessBase"]
[SourceQuality "1"]
[TimeControl "5400+30"]

1. e4 g6 2. d4 Bg7 3. Nc3 d6 4. f4 Nf6 5. Nf3 Nc6 6. d5 Nb8 7. Bd3 O-O 8. O-O Bg4 9. Qe1 Bxf3 10. Rxf3 c6 11. Be3 Ng4 12. Bd2 Nd7 13. Qh4 Ngf6 14. Rh3 e5 15. fxe5 dxe5 16. Rf1 h5 17. dxc6 bxc6 18. Bg5 Qb6+ 19. Kh1 Nh7 20. Be7 Qxb2 21. Bxf8 Rxf8 22. Qe7 Qxc3 23. Qxd7 Qc5 24. Rhf3 Ng5 25. R3f2 f6 26. h4 Nh7 27. Qe6+ Kh8 28. Rf3 Qb6 29. Rg3 c5 30. Qxb6 axb6 31. Rxg6 Ra8 32. Bc4 Ra4 33. Bd5 Ra3 34. Kh2 Rc3 35. Rb1 Nf8 36. Rg3 Rxg3 37. Kxg3 1-0

[Event "Turkish Second League 2019"]
[Site "Konya"]
[Date "2019.07.24"]
[Round "4"]
[White "Karaoglan, Doruk"]
[Black "Ozates, Tuna"]
[Result "1/2-1/2"]
[ECO "A00"]
[WhiteElo "2278"]
[BlackElo "2218"]
[Annotator "NA"]
[PlyCount "136"]
[EventDate "2019.07.22"]
[EventType "team-tourn"]
[EventCountry "TUR"]
[SourceTitle "playchess.com"]
[Source "ChessBase"]
[SourceQuality "1"]
[TimeControl "5400+30"]

1. g3 e5 2. Bg2 d5 3. c4 dxc4 4. Qa4+ Bd7 5. Qxc4 Bc6 6. Nf3 Bd6 7. d3 Nf6 8. Nc3 a6 9. O-O h6 10. d4 b5 11. Qb3 exd4 12. Nxd4 Bxg2 13. Kxg2 O-O 14. Nf5 Bc5 15. Bf4 Qd7 16. Qc2 Bb6 17. Rad1 Qe6 18. e4 Nbd7 19. f3 Rfe8 20. a3 Ne5 21. Nd5 Nxd5 22. Rxd5 Ng6 23. Bc1 Ne7 24. Nxe7+ Qxe7 25. Rfd1 Rad8 26. Bf4 Rxd5 27. Rxd5 Rd8 28. Qc6 Rxd5 29. Qxd5 Qf6 30. Be5 Qg5 31. f4 Qg4 32. Qd3 Qe6 33. Bc3 Qc6 34. Kh3 Qg6 35. g4 h5 36. g5 Qe6+ 37. f5 Qe7 38. Kh4 Qc5 39. g6 Qf2+ 40. Kh3 fxg6 41. fxg6 c6 42. Be5 Qc5 43. Qf3 Qe7 44. Qf5 Bd8 45. Qxh5 Qe6+ 46. Qf5 Qe7 47. Bg3 a5 48. e5 b4 49. axb4 axb4 50. e6 c5 51. Qf7+ Qxf7 52. gxf7+ Kf8 53. Kg4 c4 54. Be5 c3 55. Kf5 c2 56. Kg6 c1=Q 57. Bxg7+ Ke7 58. f8=Q+ Kxe6 59. Qxd8 Qc2+ 60. Kh5 Qe2+ 61. Kg5 Qg2+ 62. Kf4 Qxh2+ 63. Ke3 Qg1+ 64. Ke4 Qe1+ 65. Kf4 Qf2+ 66. Kg5 Qg2+ 67. Kh6 Qh2+ 68. Kg6 Qc2+ 1/2-1/2

[Event "Turkish Second League 2019"]
[Site "Konya"]
[Date "2019.07.24"]
[Round "4"]
[White "Buyukasik, Diyap"]
[Black "Boz, Fatih Emre"]
[Result "1-0"]
[ECO "D15"]
[WhiteElo "2268"]
[BlackElo "1854"]
[Annotator "NA"]
[PlyCount "75"]
[EventDate "2019.07.22"]
[EventType "team-tourn"]
[EventCountry "TUR"]
[SourceTitle "playchess.com"]
[Source "ChessBase"]
[SourceQuality "1"]
[TimeControl "5400+30"]

1. d4 d5 2. c4 dxc4 3. Nf3 Nf6 4. e3 b5 5. a4 c6 6. Nc3 b4 7. Nb1 a5 8. Bxc4 e6 9. O-O Ba6 10. Nbd2 Be7 11. Ne5 Qc7 12. Qc2 Bxc4 13. Qxc4 O-O 14. Nb3 Nfd7 15. Nd3 Na6 16. e4 e5 17. Be3 Bd6 18. f4 exd4 19. Nxd4 Ndc5 20. e5 Nxd3 21. exd6 Qxd6 22. Qxd3 c5 23. Rfd1 cxd4 24. Qxd4 Qe6 25. Bf2 Rac8 26. Qd5 Rc2 27. Qxe6 fxe6 28. Rd6 Nc7 29. Rd7 Rxf4 30. Bg3 Rfc4 31. Rf1 h6 32. b3 Rc5 33. Bd6 Rc6 34. Rf8+ Kh7 35. Be5 Rc1+ 36. Kf2 R6c2+ 37. Kg3 Rc3+ 38. Kh4 1-0